AoeStats
← husung istanda_18

Arena

507751395Analyzed
2v2 RM · 13d ago on Sep 19, 2026· 51m 1s· 4 players
Game mode
Random Map
Map size
Medium (4 player)
Population
200
Speed
Normal
Resources
Standard
Victory
Conquest
Starting age
Dark Age
Ending age
Imperial Age
RankedLock teamsTeams togetherTeam positionsShared explorationLock speedFull tech treeHidden civsTurbo modeCheats
Victory
Defeat
🇨🇳 Bohemians · China
762
+13
🇨🇳 Persians · China
762
+13
🇹🇼 Spanish · Taiwan
698
-13
🇹🇼 Portuguese · Taiwan
691
-13
husung istanda_18
12:54 Feudal Age
18:23 Castle Age
17:37 Double-Bit Axe
17:47 Gold Mining
19:38 Bow Saw
21:58 Circumnavigation
25:27 Wheelbarrow
27:15 Ballistics
35:37 Imperial Age
36:26 Elite Organ Gun
39:07 Chemistry
38:58 Theocracy
41:34 Conscription
42:03 Light Cavalry
43:49 Scale Mail Armor
47:32 Cavalier
48:40 Scale Barding Armor
CC..CC
7:45 Loom
10:36 Feudal Age
12:41 Double-Bit Axe
12:38 Horse Collar
15:42 Gold Mining
17:25 Scale Barding Armor
19:32 Stone Mining
21:56 Castle Age
22:04 Bloodlines
22:48 Husbandry
23:24 Bow Saw
23:17 Heavy Plow
24:09 Ballistics
38:31 Inquisition
41:11 Imperial Age
38:13 Light Cavalry
41:24 Forging
41:15 Scale Mail Armor
43:13 Iron Casting
42:54 Chain Mail Armor
44:40 Chemistry
43:03 Hussar
48:27 Blast Furnace
48:09 Plate Mail Armor
星م
10:44 Feudal Age
11:15 Double-Bit Axe
21:18 Castle Age
19:58 Horse Collar
23:11 Wheelbarrow
26:47 Bow Saw
26:41 Heavy Plow
29:06 Caravan
35:24 Imperial Age
34:25 Murder Holes
35:32 Chemistry
36:39 Conscription
37:01 Ballistics
36:56 Siege Engineers
37:43 Fletching
37:54 Padded Archer Armor
38:50 Wagenburg Tactics
40:22 Two-Man Saw
40:27 Pikeman
41:08 Squires
41:32 Elite Hussite Wagon
41:34 Houfnice
42:08 Halberdier
43:13 Forging
45:07 Arson
Titans
9:46 Feudal Age
19:39 Castle Age
18:20 Double-Bit Axe
24:50 Horse Collar
25:33 Scale Barding Armor
27:32 Wheelbarrow
27:28 Bow Saw
27:42 Light Cavalry
30:23 Husbandry
31:21 Bloodlines
31:49 Kamandaran
31:43 Crossbowman
32:29 Thumb Ring
33:34 Hand Cart
34:09 Forging
35:50 Chain Barding Armor
38:51 Imperial Age
36:48 Fletching
37:18 Padded Archer Armor
39:31 Ballistics
39:53 Iron Casting
39:37 Leather Archer Armor
39:18 Bodkin Arrow
40:29 Conscription
45:25 Iron Casting
45:26 Plate Barding Armor
46:18 Chemistry
46:29 Hussar
48:14 Blast Furnace
Connection lost

Rejoining the realm…

Still unreachable

The connection could not be restored.

Session expired

The server has moved on; the page needs a fresh start.